 Dungeon Crawl Stone Soup version 0.17-a0-1863-g715b4b0 (webtiles) character file.

1952 Geeful the Grappler (level 9, -4/91 HPs)
             Began as a Human Wanderer on Sept 20, 2015.
             Was a Believer of Makhleb.
             Slain by a yak (9 damage)
             ... on level 6 of the Dungeon.
             The game lasted 00:28:52 (8781 turns).

Geeful the Grappler (Human Wanderer)                Turns: 8781, Time: 00:28:52

Health: -4/91      AC: 29    Str: 16    XL:     9   Next: 41%
Magic:  9/9        EV:  2    Int: 13    God:    Makhleb [**....]
Gold:   315        SH:  0    Dex: 12    Spells: 0 memorised, 8 levels left

rFire  . . .     SeeInvis .       - Unarmed
rCold  . . .     Clarity  .     (armour currently unavailable)
rNeg   + + +     SustAt   .     (no shield)
rPois  +         Gourm    .     (helmet currently unavailable)
rElec  .         Spirit   .     (cloak currently unavailable)
rCorr  .         Warding  .     (gloves currently unavailable)
rMut   .         NoTele   +     (boots currently unavailable)
MR     .....                    (no amulet)
Stlth  ++........               w - +4 ring of protection
                                x - +1 ring of protection

@: tree-form, not resistant to hostile enchantments, unstealthy
A: no striking features
a: Minor Destruction, Renounce Religion


You were on level 6 of the Dungeon.
You worshipped Makhleb.
Makhleb was pleased with you.
You were not hungry.
You were a tree.
You visited 2 branches of the dungeon, and saw 7 of its levels.
You also visited: Sewer.

You collected 315 gold pieces.

Inventory:

Hand weapons
 b - a +1 blowgun
Missiles
 d - 10 poisoned needles
Armour
 g - a +1 ring mail of fire resistance (melded)
 h - a cursed +0 cloak
Jewellery
 v - an uncursed ring of invisibility
 w - a +4 ring of protection (right branch)
 x - a +1 ring of protection (left branch)
Magical devices
 m - a wand of digging (24)
 o - a wand of random effects (21)
 q - a wand of magic darts (23)
Scrolls
 c - 6 scrolls of teleportation
 j - 3 scrolls of fear
 r - a scroll of remove curse
 s - a scroll of blinking
 t - a scroll of identify
 u - 4 scrolls of magic mapping
Potions
 f - a potion of cancellation
 k - 2 potions of curing
 l - a potion of cure mutation
 n - 2 potions of ambrosia
 z - 4 potions of magic
 A - 2 potions of might
 B - 2 potions of brilliance
 C - a potion of agility {unknown}
Comestibles
 a - 4 slices of pizza
 e - 2 bread rations
 i - 6 meat rations


   Skills:
 - Level 2.0 Fighting
   Level 1.0 Short Blades
   Level 2.0 Staves
 - Level 1.0 Throwing
 - Level 1.0 Dodging
 - Level 2.0 Stealth
   Level 1.0 Shields
 + Level 11.4 Unarmed Combat


You had 8 spell levels left.
You didn't know any spells.

Dungeon Overview and Level Annotations

Branches:
Dungeon (6/15)             Temple (1/1) D:4

Altars:
Cheibriados
Elyvilon
Fedhas
Kikubaaqudgha
Makhleb
Okawaru
Qazlal
Ru
Sif Muna
Zin

Annotations:
D:2 Terence


Message History

You barely miss the yak. Your punch misses the yak.
The yak is almost dead.
The yak gores you!
* * * LOW HITPOINT WARNING * * *
Drink which item? (? for menu, Esc to quit)
You turn into a tree.
Your +1 ring mail of fire resistance melds into your body.
You feel less resistant to fire.
Your roots penetrate the ground.
The yak gores you but does no damage.
You barely miss the yak.
The yak is almost dead.
The yak gores you.
* * * LOW HITPOINT WARNING * * *
You hit the yak.
You kill the yak!
Makhleb accepts your kill.
You smack the yak!
The yak is moderately wounded.
The yak gores you!
You die...

#. #.# #.# #.#
#############.#
............#.#
............#.####.###
............+.♣YY(....
............#.####+###
....................#
########.##.....<...#
#########.##.........#
.......)...+.........#
.....####.##...†.....##.#.#.
####........................
##.....###.#############.#.#.


You could see 2 yaks.

Vanquished Creatures
  Eustachio (D:4)
  3 yaks (D:6)
  2 ogres
  A centaur (D:5)
  4 giant frogs
  A scorpion (D:4)
  The ghost of FishServ the Sneak, a weakling DsAs (Sewer)
  2 hounds (D:5)
  2 crimson imps
  2 orc priests (D:5)
  A centaur zombie (D:6)
  An iguana (D:4)
  A centaur skeleton (D:5)
  Jessica (D:2)
  5 worker ants
  An orc wizard (D:5)
  A hound skeleton (D:4)
  11 adders
  A gnoll (D:1)
  6 river rats (Sewer)
  A shadow imp (D:6)
  2 oozes (Sewer)
  3 worms
  3 orcs
  11 bats
  5 giant cockroaches
  12 goblins
  6 hobgoblins
  A quokka (D:3)
  16 ball pythons
  6 giant geckos
  2 giant gecko skeletons (D:4)
  6 giant newts
  7 kobolds
  30 rats
  A butterfly (D:4)
160 creatures vanquished.

Vanquished Creatures (others)
  A worm (D:2)
1 creature vanquished.

Grand Total: 161 creatures vanquished

Notes
Turn   | Place    | Note
--------------------------------------------------------------
     0 | D:1      | Geeful the Human Wanderer began the quest for the Orb.
     0 | D:1      | Geeful set off with: a +2 dagger, a scroll of fear, 2 scrolls of teleportation, a +0 robe, a bread ration
     0 | D:1      | Reached XP level 1. HP: 16/16 MP: 1/1
   252 | D:1      | Reached skill level 1 in Unarmed Combat
   511 | D:1      | Reached XP level 2. HP: 22/22 MP: 2/2
   675 | D:1      | Reached XP level 3. HP: 12/27 MP: 3/3
  1544 | D:2      | Found a stormy altar of Qazlal.
  1843 | D:2      | Reached skill level 3 in Unarmed Combat
  1904 | D:2      | Noticed Terence
  2097 | D:2      | Reached XP level 4. HP: 30/33 MP: 4/4
  2436 | D:2      | Noticed Jessica
  2445 | D:2      | Killed Jessica
  2777 | D:3      | Found a blossoming altar of Fedhas.
  2931 | D:3      | Reached skill level 4 in Unarmed Combat
  3529 | D:3      | Reached XP level 5. HP: 38/38 MP: 5/5
  4331 | D:4      | Noticed an ogre
  4375 | D:4      | Killed an ogre
  4375 | D:4      | Reached skill level 5 in Unarmed Combat
  4375 | D:4      | Reached XP level 6. HP: 28/44 MP: 6/6
  4584 | D:4      | Reached skill level 6 in Unarmed Combat
  4844 | D:4      | Noticed Eustachio
  4854 | D:4      | Killed Eustachio
  4854 | D:4      | Reached skill level 7 in Unarmed Combat
  4854 | D:4      | Reached XP level 7. HP: 50/50 MP: 7/7
  5406 | D:4      | Found a staircase to the Ecumenical Temple.
  5415 | Temple   | Entered the Ecumenical Temple
  5453 | Temple   | Became a worshipper of Makhleb the Destroyer
  5954 | D:5      | Entered Level 5 of the Dungeon
  6007 | D:5      | Found a glowing drain.
  6073 | Sewer    | Entered a sewer
  6080 | Sewer    | Noticed FishServ's ghost (weakling DsAs)
  6144 | Sewer    | Killed FishServ's ghost
  6555 | Sewer    | Acquired Makhleb's first power
  6604 | Sewer    | Reached skill level 8 in Unarmed Combat
  6835 | Sewer    | Reached XP level 8. HP: 52/56 MP: 8/8
  6882 | Sewer    | Acquired Makhleb's second power
  7546 | D:5      | Reached skill level 9 in Unarmed Combat
  7675 | D:5      | Found an iron altar of Okawaru.
  8382 | D:5      | Reached skill level 10 in Unarmed Combat
  8546 | D:6      | Reached XP level 9. HP: 59/61 MP: 9/9
  8765 | D:6      | Reached skill level 11 in Unarmed Combat
  8779 | D:6      | HP: 4/91 [yak (2)]
  8781 | D:6      | Slain by a yak

Vault maps used:
D:1:      sevenhm_arrival_forest_fort_small_5, minmay_cut_off
D:2:      grunt_qazlal_clouds, uniq_terence, uniq_jessica
D:3:      old_standard_altar, first_bread
D:4:      minmay_temple_entry_butterflies, uniq_eustachio
D:5:      okawaru_gym_becter, portal_sewer_entry_a, kennysheep_generic_room_12
D:6:      serial_shops, nicolae_shop_window_shopping
Temple:   jpeg_temple_clearing_12
Sewer:    sewer_minmay_w

Action                   |  1- 3 |  4- 6 |  7- 9 || total
-------------------------+-------+-------+-------++-------
Melee: Unarmed           |   202 |   172 |   409 ||   783
       Blowgun           |       |     1 |       ||     1
 Fire: Blowgun           |       |    25 |    34 ||    59
  Use: Potion            |     1 |       |     3 ||     4
       Scroll            |       |     8 |    13 ||    21
 Stab: Sleeping          |     2 |     3 |     1 ||     6
  Eat: Chunk             |     4 |     9 |    13 ||    26
